 Dungeon Crawl Stone Soup version 0.18-a0-1788-g92de1ac (webtiles) character file.

78 Murumi the Shield-Bearer (level 4, -4/35 HPs)
             Began as a Formicid Fighter on Apr 20, 2016.
             Slain by an ogre
             ... wielding a +0 giant club
              (10 damage)
             ... on level 3 of the Dungeon.
             The game lasted 00:05:00 (1795 turns).

Murumi the Shield-Bearer (Formicid Fighter)         Turns: 1795, Time: 00:05:01

Health: -4/35      AC: 10    Str: 26    XL:     4   Next: 61%
Magic:  4/4        EV:  7    Int:  8    God:
Gold:   98         SH: 10    Dex: 10    Spells: 0 memorised, 3 levels left

rFire  . . .     SeeInvis +     a - +0 long sword
rCold  . . .     Gourm    .     k - +1 chain mail {rPois}
rNeg   . . .     Faith    .     c - +0 shield
rPois  +         Spirit   .     (helmet unavailable)
rElec  .         Dismiss  .     (no cloak)
rCorr  .         Reflect  .     (no gloves)
SustAt .         Harm     .     (no boots)
MR     .....                    (no amulet)
Stlth  ..........               (no ring)
                                (no ring)

@: mighty, not resistant to hostile enchantments, extremely unstealthy
A: permanent stasis, dig shafts and tunnels, four strong arms, antennae 3
a: Dig, Shaft Self


You were on level 3 of the Dungeon.
You were not hungry.

You visited 1 branch of the dungeon, and saw 3 of its levels.

You collected 98 gold pieces.

Inventory:

Hand Weapons
 a - a +0 long sword (weapon)
Missiles
 j - 90 bolts
Armour
 c - a +0 shield (worn)
 k - a +1 chain mail of poison resistance (worn)
Potions
 b - a potion of heal wounds {unknown}
 e - a potion of magic {unknown}
 g - 4 potions of brilliance {unknown}
 i - a potion of lignification {unknown}
 l - a potion of agility {unknown}
 m - 2 potions of ambrosia {unknown}
 n - a potion of mutation {unknown}
 o - 2 potions of degeneration {unknown}
Comestibles
 f - 2 bread rations
 h - 5 chunks of flesh
 p - 2 meat rations
 q - 2 fruits


   Skills:
 - Level 3.2 Fighting
 + Level 3.4 Long Blades
 - Level 3.2 Armour
 - Level 5.0 Shields


You had 3 spell levels left.
You didn't know any spells.

Dungeon Overview and Level Annotations

Branches:
Dungeon (3/15)

Altars:
Ashenzari
Zin


Innate Abilities, Weirdness & Mutations

You are under a permanent stasis effect.
You can dig through walls and to a lower floor.
Your four strong arms can wield two-handed weapons with a shield.
You have a pair of large antennae on your head (SInv).


Message History

A bat comes into view.
Drink which item? (? for menu, Esc to quit)
You feel very mighty all of a sudden.
You barely miss the ogre. The ogre hits you with a giant club!
You block the bat's attack.
You slash the ogre!
The ogre is heavily wounded.
You block the bat's attack. The ogre barely misses you.
You barely miss the ogre.
The ogre is heavily wounded.
The bat barely misses you. The ogre hits you with a giant club!
* * * LOW HITPOINT WARNING * * *
You are too injured to fight recklessly!
You slash the ogre!
The ogre is almost dead.
You block the bat's attack. The ogre closely misses you.
You barely miss the ogre.
The ogre is almost dead.
The bat hits you but does no damage. The ogre hits you with a giant club!
You die...

.#.#..........#'##
.#......###'###.########
.#........#.# #.#......#
.#.#....#.#.###.#......#
.#.#......#...รท.#......#
.#.##'###########......
.#.##.................%
.#.##....######...####
...##....##....b@.+
.........##......O#
....................
..........<...........
...##..........###....>.
...##....##....# ......
...##....##....# ##..##
+#.##.....'.(..# ..#
.#.##..####...####


You could see an ogre and a bat.

Vanquished Creatures
  2 adders
  3 worms (D:2)
  2 dart slugs
  2 giant geckos (D:1)
  4 orcs (D:3)
  A ball python (D:1)
  3 giant cockroaches
  6 goblins
  6 hobgoblins
  A quokka (D:2)
  3 bats
  A giant newt (D:2)
  2 kobolds
  3 rats
39 creatures vanquished.

Notes
Turn   | Place    | Note
--------------------------------------------------------------
     0 | D:1      | Murumi the Formicid Fighter began the quest for the Orb.
     0 | D:1      | Reached XP level 1. HP: 18/18 MP: 1/1
    70 | D:1      | Reached skill level 4 in Shields
    72 | D:1      | Reached XP level 2. HP: 22/24 MP: 2/2
   448 | D:1      | Reached XP level 3. HP: 29/29 MP: 3/3
  1150 | D:2      | Reached XP level 4. HP: 31/35 MP: 4/4
  1189 | D:2      | Found a shattered altar of Ashenzari.
  1193 | D:2      | Saw a vision of the Shoals and the Snake Pit.
  1193 | D:2      | Noticed a hippogriff
  1193 | D:2      | Noticed a merfolk
  1193 | D:2      | Noticed a hippogriff
  1193 | D:2      | Noticed a sea snake
  1193 | D:2      | Noticed a siren
  1193 | D:2      | Noticed a siren
  1193 | D:2      | Noticed a sea snake
  1193 | D:2      | Noticed a black mamba
  1194 | D:2      | Noticed a black mamba
  1195 | D:2      | Noticed a black mamba
  1232 | D:2      | Reached skill level 5 in Shields
  1654 | D:3      | Found a glowing silver altar of Zin.
  1787 | D:3      | Noticed an ogre
  1795 | D:3      | Slain by an ogre

Vault maps used:
D:1:      dpeg_arrival_rooms_c, st_stairs_13
D:2:      first_bread, minmay_large_rounded_square, grunt_ashenzari_visionary
D:3:      marbit_many_paths, zin_scriptorium, due_unseen_surprise

Skill      XL: |  1  2  3  4 |
---------------+-------------+-----
Shields        | 4 5 |  5.0
Long Blades    | 3 |  3.4
Fighting       | |  3.2
Armour         | |  3.2

Action                   |  1- 3 |  4- 6 || total
-------------------------+-------+-------++-------
Melee: Long sword        |    97 |    50 ||   147
 Abil: Dig               |       |     1 ||     1
  Use: Scroll            |     1 |     2 ||     3
       Potion            |       |     1 ||     1
  Eat: Chunk             |     1 |     2 ||     3
Armor: Scale mail        |    20 |       ||    20
       Chain mail        |    14 |    15 ||    29
Dodge: Dodged            |    21 |    16 ||    37
Block: Shield            |    50 |    29 ||    79
